[Event "WSTCC-65 2024"]
[Site "Krakow"]
[Date "2024.07.04"]
[Round "3.17"]
[White "Idesis, Yaacov"]
[Black "Thuesen, Mogens"]
[Result "0-1"]
[ECO "A13"]
[WhiteElo "1879"]
[BlackElo "2158"]
[Annotator "RC"]
[PlyCount "110"]
[EventDate "2024.07.01"]
[EventType "team-tourn"]
[EventCountry "POL"]
[SourceTitle "playchess.com"]
[Source "ChessBase"]
[SourceQuality "1"]
[TimeControl "40/5400+30:1800+30"]

1. c4 e6 2. Nc3 d5 3. cxd5 exd5 4. d4 Nf6 5. Nf3 Be7 6. e3 O-O 7. Be2 c6 8. O-O Bf5 9. Nh4 Be6 10. Nf3 Nbd7 11. a3 Bd6 12. b4 Ne4 13. Nxe4 dxe4 14. Nd2 f5 15. Bc4 Bd5 16. f4 b5 17. Bxd5+ cxd5 18. Nb3 Nb6 19. Nc5 Qe7 20. Qe2 Nc4 21. Bd2 a5 22. Bc3 Ra7 23. Kh1 a4 24. Rg1 Rf6 25. g4 fxg4 26. Rxg4 Qf7 27. Be1 Rg6 28. Bf2 Qf5 29. Rxg6 Qxg6 30. Rg1 Qf5 31. Rg5 Qf7 32. Qg4 Bxc5 33. bxc5 h6 34. Rf5 Qd7 35. Qh5 b4 36. Rxd5 Qf7 37. Rd8+ Kh7 38. Qxf7 Rxf7 39. axb4 Ra7 40. Be1 a3 41. Bc3 a2 42. Ba1 Ra3 43. c6 Rxe3 44. c7 Re1+ 45. Kg2 Nb6 46. c8=Q Nxc8 47. Rxc8 Rxa1 48. Ra8 e3 49. Kf3 Rf1+ 50. Kxe3 a1=Q 51. Rxa1 Rxa1 52. f5 Rb1 53. Ke4 Rxb4 54. Ke5 Kg8 55. d5 Kf7 0-1

[Event "WSTCC-65 2024"]
[Site "Krakow"]
[Date "2024.07.04"]
[Round "3.18"]
[White "Dovzhenko, Viktor"]
[Black "Becker, Norbert"]
[Result "1-0"]
[ECO "A22"]
[WhiteElo "2044"]
[BlackElo "2047"]
[Annotator "NA RC"]
[PlyCount "47"]
[EventDate "2024.07.01"]
[EventType "team-tourn"]
[EventCountry "POL"]
[SourceTitle "playchess.com"]
[Source "ChessBase"]
[SourceQuality "1"]
[TimeControl "40/5400+30:1800+30"]

1. g3 e5 2. c4 Nf6 3. Nc3 d5 4. cxd5 Nxd5 5. Bg2 Nb6 6. Nf3 Nc6 7. O-O Be7 8. a4 a5 9. d3 Be6 10. Bd2 f6 11. Rc1 Nd4 12. Nxd4 exd4 13. Ne4 Bd5 14. Nc5 Bxg2 15. Ne6 Qd6 16. Nxc7+ Kf7 17. Kxg2 Rac8 18. Qb3+ Kg6 19. Bf4 Qb4 20. Qe6 h5 21. Rc4 Nxc4 22. Nd5 Qc5 23. Nxe7+ Kh7 24. Nxc8 1-0

[Event "WSTCC-65 2024"]
[Site "Krakow"]
[Date "2024.07.04"]
[Round "3.18"]
[White "Sonderstrup, Bjarne"]
[Black "Reem, Meir"]
[Result "1/2-1/2"]
[ECO "E69"]
[WhiteElo "2011"]
[BlackElo "1866"]
[Annotator "NA RC"]
[PlyCount "56"]
[EventDate "2024.07.01"]
[EventType "team-tourn"]
[EventCountry "POL"]
[SourceTitle "playchess.com"]
[Source "ChessBase"]
[SourceQuality "1"]
[TimeControl "40/5400+30:1800+30"]

1. Nf3 Nf6 2. g3 d6 3. d4 c6 4. Bg2 g6 5. O-O Bg7 6. c4 O-O 7. Nc3 Nbd7 8. e4 e5 9. h3 Qc7 10. Be3 h6 11. Qd2 Kh7 12. Rad1 Ne8 13. dxe5 Nxe5 14. Nxe5 dxe5 15. c5 Be6 16. f4 f5 17. exf5 gxf5 18. fxe5 Qxe5 19. Rf4 Qf6 20. g4 Qg6 21. Rdf1 Nc7 22. gxf5 Rxf5 23. Rxf5 Bxc3 24. Rf7+ Bxf7 25. Qd7 Kg8 26. bxc3 Bd5 27. Qg4 Qxg4 28. hxg4 Bxg2 1/2-1/2

[Event "WSTCC-65 2024"]
[Site "Krakow"]
[Date "2024.07.04"]
[Round "3.19"]
[White "Lange, Torsten"]
[Black "Karnaukh, Anatolij"]
[Result "0-1"]
[ECO "A28"]
[WhiteElo "2027"]
[BlackElo "1970"]
[Annotator "NA RC"]
[PlyCount "78"]
[EventDate "2024.07.01"]
[EventType "team-tourn"]
[EventCountry "POL"]
[SourceTitle "playchess.com"]
[Source "ChessBase"]
[SourceQuality "1"]
[TimeControl "40/5400+30:1800+30"]

1. c4 e5 2. Nc3 Nf6 3. Nf3 Nc6 4. d4 exd4 5. Nxd4 Bb4 6. Bg5 h6 7. Bh4 g5 8. Bg3 d6 9. Nxc6 bxc6 10. Rc1 Bf5 11. a3 Bxc3+ 12. Rxc3 c5 13. f3 Nh5 14. e4 Nxg3 15. hxg3 Be6 16. Be2 Qf6 17. Rb3 O-O 18. Rb7 Rfc8 19. Qd2 Rab8 20. Rxb8 Rxb8 21. b4 cxb4 22. axb4 a5 23. b5 a4 24. O-O Qe5 25. Kh2 Ra8 26. f4 Qf6 27. fxg5 Qxg5 28. Qxg5+ hxg5 29. Ra1 a3 30. Kg1 Kg7 31. Kf2 Kf6 32. Ke3 Ke5 33. Kd3 a2 34. Kc3 g4 35. Kb3 Kxe4 36. Rxa2 Rxa2 37. Kxa2 Ke3 38. Bf1 Bf5 39. Kb3 Kf2 0-1

[Event "WSTCC-65 2024"]
[Site "Krakow"]
[Date "2024.07.04"]
[Round "3.19"]
[White "Gorjaltsan, Eduard"]
[Black "Jorgensen, Arne Bjorn"]
[Result "1/2-1/2"]
[ECO "A56"]
[WhiteElo "1884"]
[BlackElo "1940"]
[Annotator "NA RC"]
[PlyCount "34"]
[EventDate "2024.07.01"]
[EventType "team-tourn"]
[EventCountry "POL"]
[SourceTitle "playchess.com"]
[Source "ChessBase"]
[SourceQuality "1"]
[TimeControl "40/5400+30:1800+30"]

1. d4 Nf6 2. c4 c5 3. d5 e5 4. Nc3 d6 5. e4 Be7 6. Bd3 Nbd7 7. Nge2 Nf8 8. O-O Ng6 9. a3 O-O 10. b4 b6 11. Rb1 Bd7 12. Ng3 Rb8 13. Nf5 Re8 14. Nxe7+ Qxe7 15. Rb2 h6 16. h3 Rec8 17. Be3 Re8 1/2-1/2

[Event "WSTCC-65 2024"]
[Site "Krakow"]
[Date "2024.07.04"]
[Round "3.20"]
[White "Kalinin, Alexander"]
[Black "Thoele, Wolfgang"]
[Result "1/2-1/2"]
[ECO "D00"]
[WhiteElo "2459"]
[BlackElo "1890"]
[Annotator "TA"]
[PlyCount "115"]
[EventDate "2024.07.01"]
[EventType "team-tourn"]
[EventCountry "POL"]
[SourceTitle "playchess.com"]
[Source "ChessBase"]
[SourceQuality "1"]
[TimeControl "40/5400+30:1800+30"]

1. d4 d5 2. Bf4 Nf6 3. Nc3 e6 4. a3 Bd6 5. Bxd6 Qxd6 6. e3 a6 7. Nf3 Nc6 8. Bd3 {[%emt 0:01:24] The position is equal.} O-O 9. O-O e5 10. dxe5 Nxe5 11. Nxe5 Qxe5 12. h3 Bf5 13. Bxf5 Qxf5 14. Qd3 Qxd3 15. cxd3 c6 16. d4 Rfe8 17. Rfc1 Ne4 18. Nxe4 Rxe4 $11 {[%emt 0:00:15][%mdl 4096] Endgame. KRR-KRR} 19. Rc3 Rae8 20. g3 R4e6 21. b4 f5 22. h4 Re4 (22... h6 $14) 23. Kg2 h6 24. a4 R4e6 (24... g5 $14) 25. h5 $16 Kf7 26. Rac1 Kf6 27. Kf3 Kg5 28. Rh1 Rd6 {[%emt 0:03:42] [#]} 29. b5 $1 axb5 30. axb5 Re7 31. Ke2 Ree6 32. b6 Rd8 33. Ra3 {[%emt 0:00:17] Inhibits Ra8.} Re7 34. Ra5 Ree8 35. Ra7 Rd7 36. Kd3 Rde7 37. Kc3 Rd7 38. Kb4 Re4 {[%emt 0:03:05] [#]} (38... Kg4 $11 {remains equal.}) 39. Ra8 $1 {Rf8 would now be deadly.} Kf6 (39... Ree7 $16) 40. Kc5 (40. Rf8+ $18 Kg5 41. Kc5) 40... Ke7 $2 (40... Ree7 $16) 41. Rb8 {[%emt 0:33:43] Ra1 is the strong threat.} Kf7 $2 {[%emt 0:31:20] [#]} (41... Kf6 42. Rf8+ Ke7 43. Rxf5 Rd8) 42. Ra1 $1 $18 Re8 {[%emt 0:00:17] Wards off Ra7} 43. Raa8 Rxb8 44. Rxb8 {[%emt 0:01:52] KR-KR} Ke7 (44... Kf6 $142 45. Rh8 Kf7) 45. Rc8 Kf7 46. Kb4 $2 (46. Rxc6 {Black must now prevent Rc7.} bxc6 47. Kxc6) 46... Ke7 47. Rg8 ({Weaker is} 47. Kc5 Kf6 48. Rc7 Ke6 $18) 47... Kf7 48. Rb8 {[%emt 0:00:39] Threatens to win with Rh8.} Ke7 49. Kc3 Kd6 50. Rc8 Ke7 51. Rg8 Kf7 52. Ra8 Ke7 53. Kd3 Kd6 54. Ra5 {[%emt 0:00:30] White is more active.} ({Better is} 54. Rf8) 54... Rd8 55. Ke2 Rc8 56. Ra7 Rb8 57. Ra5 Rc8 58. Ra7 {Weighted Error Value: White=0.22 (precise) /Black=0.26 (precise) .  Loses game:     	---       	Black=1      Mistake:       	White=2     	Black=5      Inaccurate:     	White=6     	Black=3      OK:         	White=11    	Black=12     Best:        	White=1     	Black=2      Strong:       	White=2     	---} 1/2-1/2

[Event "WSTCC-65 2024"]
[Site "Krakow"]
[Date "2024.07.04"]
[Round "3.20"]
[White "Andersson, Finn"]
[Black "Tsifanskaya, Ludmila A"]
[Result "1/2-1/2"]
[ECO "B32"]
[WhiteElo "1824"]
[BlackElo "1970"]
[Annotator "NA RC"]
[PlyCount "42"]
[EventDate "2024.07.01"]
[EventType "team-tourn"]
[EventCountry "POL"]
[SourceTitle "playchess.com"]
[Source "ChessBase"]
[SourceQuality "1"]
[TimeControl "40/5400+30:1800+30"]

1. e4 c5 2. Nf3 Nc6 3. d4 cxd4 4. Nxd4 Qb6 5. Nb3 Nf6 6. Nc3 e6 7. Qe2 Qc7 8. a3 a6 9. f4 d6 10. Be3 b5 11. g3 Be7 12. Bg2 O-O 13. O-O Bb7 14. h3 Rac8 15. Rad1 b4 16. axb4 Nxb4 17. Rd2 d5 18. exd5 Nfxd5 19. Nxd5 Nxd5 20. Bd4 Rfd8 21. Qf2 Ba8 1/2-1/2

[Event "WSTCC-65 2024"]
[Site "Krakow"]
[Date "2024.07.04"]
[Round "3.21"]
[White "Vilerte, Tamara"]
[Black "Shilov, Sergej"]
[Result "1/2-1/2"]
[ECO "E91"]
[WhiteElo "1971"]
[BlackElo "2143"]
[Annotator "NA RC"]
[PlyCount "53"]
[EventDate "2024.07.01"]
[EventType "team-tourn"]
[EventCountry "POL"]
[SourceTitle "playchess.com"]
[Source "ChessBase"]
[SourceQuality "1"]
[TimeControl "40/5400+30:1800+30"]

1. Nf3 d6 2. d4 g6 3. c4 Bg7 4. Nc3 Nf6 5. e4 O-O 6. Be2 Nc6 7. d5 Nb8 8. O-O c5 9. h3 e5 10. dxe6 Bxe6 11. Bf4 Qa5 12. Bxd6 Rd8 13. e5 Ne8 14. Qb3 Nxd6 15. exd6 Nc6 16. Rad1 Rab8 17. Nd5 Nd4 18. Nxd4 Bxd4 19. Bf3 Kg7 20. Rxd4 cxd4 21. Qd3 Bxd5 22. Qxd4+ f6 23. Bxd5 Rxd6 24. c5 Rd7 25. b4 Qxa2 26. Qf4 Qxd5 27. Qxb8 1/2-1/2

[Event "WSTCC-65 2024"]
[Site "Krakow"]
[Date "2024.07.04"]
[Round "3.21"]
[White "McGill, Derek"]
[Black "Falk, Thomas"]
[Result "1/2-1/2"]
[ECO "A36"]
[WhiteElo "1827"]
[BlackElo "2022"]
[Annotator "NA RC"]
[PlyCount "33"]
[EventDate "2024.07.01"]
[EventType "team-tourn"]
[EventCountry "POL"]
[SourceTitle "playchess.com"]
[Source "ChessBase"]
[SourceQuality "1"]
[TimeControl "40/5400+30:1800+30"]

1. c4 c5 2. Nc3 Nc6 3. g3 g6 4. Bg2 Bg7 5. e4 e6 6. Nge2 Nge7 7. O-O O-O 8. d3 b6 9. Rb1 Bb7 10. a3 Nd4 11. b4 d6 12. Bb2 Nxe2+ 13. Nxe2 Qc7 14. Bxg7 Kxg7 15. Qd2 Rfd8 16. Qb2+ Kg8 17. Rfc1 1/2-1/2

[Event "WSTCC-65 2024"]
[Site "Krakow"]
[Date "2024.07.04"]
[Round "3.22"]
[White "Gasik, Piotr"]
[Black "Goldmane, Astra"]
[Result "1-0"]
[ECO "A29"]
[WhiteElo "1954"]
[BlackElo "1989"]
[Annotator "RC"]
[PlyCount "143"]
[EventDate "2024.07.01"]
[EventType "team-tourn"]
[EventCountry "POL"]
[SourceTitle "playchess.com"]
[Source "ChessBase"]
[SourceQuality "1"]
[TimeControl "40/5400+30:1800+30"]

1. c4 e5 2. Nc3 Nc6 3. Nf3 Nf6 4. g3 d5 5. cxd5 Nxd5 6. Bg2 Nb6 7. d3 Be7 8. O-O Be6 9. Be3 Nd5 10. Nxd5 Bxd5 11. Qa4 O-O 12. a3 a6 13. Rac1 Re8 14. Rfd1 Rb8 15. d4 e4 16. Ne5 Bf6 17. Nxc6 Bxc6 18. Qc2 Bg5 19. Bxg5 Qxg5 20. Qc5 Qg4 21. e3 Rbd8 22. h3 Qe6 23. Rd2 Rd5 24. Qb4 Qd7 25. Rc5 Rxc5 26. dxc5 Qe6 27. Rd4 g6 28. Qd2 f5 29. Bf1 Bb5 30. Bxb5 axb5 31. Rd7 Qe5 32. Qd4 Qxd4 33. exd4 Rc8 34. d5 h5 35. h4 Kf8 36. b4 Ke8 37. Rg7 Rd8 38. Rxc7 Rxd5 39. Rxb7 Rd1+ 40. Kg2 Rd2 41. Kf1 Ra2 42. Rxb5 Rxa3 43. Rb6 Ra1+ 44. Ke2 Ra2+ 45. Ke3 Ra3+ 46. Kd4 Rd3+ 47. Kc4 Rd2 48. Rxg6 Rxf2 49. c6 Kd8 50. Re6 Kc7 51. b5 Kb6 52. Re5 Rc2+ 53. Kd4 Rd2+ 54. Ke3 Rd3+ 55. Kf4 Rf3+ 56. Kg5 Rxg3+ 57. Kxh5 Rf3 58. Kg5 e3 59. h5 f4 60. h6 Rf2 61. h7 Rh2 62. Kxf4 e2 63. Rxe2 Rxh7 64. Re5 Rh4+ 65. Kg5 Rd4 66. Kf6 Rd1 67. Ke6 Rd2 68. Rd5 Rh2 69. Kd7 Rh7+ 70. Kc8 Rc7+ 71. Kb8 Ra7 72. Rd7 1-0

[Event "WSTCC-65 2024"]
[Site "Krakow"]
[Date "2024.07.04"]
[Round "3.22"]
[White "Lomer, Edmund"]
[Black "Lohan, Martin"]
[Result "1-0"]
[ECO "D79"]
[WhiteElo "1943"]
[BlackElo "1826"]
[Annotator "NA RC"]
[PlyCount "39"]
[EventDate "2024.07.01"]
[EventType "team-tourn"]
[EventCountry "POL"]
[SourceTitle "playchess.com"]
[Source "ChessBase"]
[SourceQuality "1"]
[TimeControl "40/5400+30:1800+30"]

1. Nf3 g6 2. g3 Bg7 3. d4 d5 4. Bg2 Nf6 5. O-O O-O 6. c4 c6 7. cxd5 cxd5 8. Nc3 Nc6 9. Ne5 e6 10. Nxc6 bxc6 11. Na4 Nd7 12. Bf4 e5 13. dxe5 Bxe5 14. Bxe5 Nxe5 15. Rc1 Be6 16. Qd4 Qd6 17. Rfd1 Rfd8 18. e4 Bh3 19. f4 Qe6 20. Qxe5 1-0

[Event "WSTCC-65 2024"]
[Site "Krakow"]
[Date "2024.07.04"]
[Round "3.23"]
[White "Ungure, Liga"]
[Black "Pietrzak, Janusz"]
[Result "1/2-1/2"]
[ECO "B52"]
[WhiteElo "1970"]
[BlackElo "1919"]
[Annotator "NA RC"]
[PlyCount "36"]
[EventDate "2024.07.01"]
[EventType "team-tourn"]
[EventCountry "POL"]
[SourceTitle "playchess.com"]
[Source "ChessBase"]
[SourceQuality "1"]
[TimeControl "40/5400+30:1800+30"]

1. e4 c5 2. Nf3 d6 3. Bb5+ Bd7 4. Bxd7+ Qxd7 5. c4 Nc6 6. d4 cxd4 7. Nxd4 g6 8. Be3 Bg7 9. f3 Nf6 10. Nc3 O-O 11. O-O Rac8 12. b3 Nxd4 13. Bxd4 Nh5 14. Bxg7 Nxg7 15. Nd5 f5 16. e5 Kh8 17. exd6 Qxd6 18. Re1 e6 1/2-1/2

[Event "WSTCC-65 2024"]
[Site "Krakow"]
[Date "2024.07.04"]
[Round "3.23"]
[White "Lynch, Peter J."]
[Black "Hansch, Klaus-Michael"]
[Result "0-1"]
[ECO "B01"]
[WhiteElo "1741"]
[BlackElo "1898"]
[Annotator "NA RC"]
[PlyCount "66"]
[EventDate "2024.07.01"]
[EventType "team-tourn"]
[EventCountry "POL"]
[SourceTitle "playchess.com"]
[Source "ChessBase"]
[SourceQuality "1"]
[TimeControl "40/5400+30:1800+30"]

1. e4 d5 2. exd5 Qxd5 3. Nc3 Qd8 4. d4 Nf6 5. Nf3 c6 6. Be2 Bg4 7. O-O e6 8. a3 Be7 9. Be3 O-O 10. Qd2 Nbd7 11. Rfd1 Nb6 12. h3 Bh5 13. b4 Nbd5 14. Nxd5 Nxd5 15. c4 Nxe3 16. Qxe3 Bf6 17. g4 Bg6 18. g5 Be7 19. h4 Bh5 20. Kg2 a6 21. Rac1 a5 22. d5 exd5 23. cxd5 cxd5 24. Qb3 axb4 25. axb4 Qd7 26. Ne5 Qf5 27. Bxh5 Qxe5 28. Rxd5 Qe4+ 29. Kh3 Bxb4 30. Rb5 Ra3 31. Bxf7+ Kh8 32. Rxb4 Rxb3+ 33. Rxb3 Qf5+ 0-1

[Event "WSTCC-65 2024"]
[Site "Krakow"]
[Date "2024.07.04"]
[Round "3.24"]
[White "Kot, Jerzy"]
[Black "Priedite, Ingrida"]
[Result "0-1"]
[ECO "A00"]
[WhiteElo "2019"]
[BlackElo "2044"]
[Annotator "NA RC"]
[PlyCount "118"]
[EventDate "2024.07.01"]
[EventType "team-tourn"]
[EventCountry "POL"]
[SourceTitle "playchess.com"]
[Source "ChessBase"]
[SourceQuality "1"]
[TimeControl "40/5400+30:1800+30"]

1. g3 d5 2. Bg2 e5 3. Nf3 e4 4. Nd4 c5 5. Nb5 Nf6 6. O-O Nc6 7. d3 a6 8. N5c3 exd3 9. cxd3 Be6 10. Bg5 Be7 11. e4 dxe4 12. dxe4 O-O 13. h3 h6 14. Be3 Qxd1 15. Rxd1 Rad8 16. Nd5 Bxd5 17. exd5 Nb4 18. Nc3 Nc2 19. Rac1 Nxe3 20. fxe3 Bd6 21. Kf2 Rfe8 22. Na4 Nd7 23. b3 b5 24. Nb2 Nb6 25. Rc2 Re7 26. Rdc1 Rde8 27. e4 g6 28. Nd3 c4 29. Nf4 Kg7 30. Kf1 Bxf4 31. gxf4 Rxe4 32. Bxe4 Rxe4 33. Rd1 Rxf4+ 34. Kg2 Re4 35. d6 Re8 36. d7 Rd8 37. Rd6 Nxd7 38. bxc4 bxc4 39. Rxc4 Ne5 40. Rxd8 Nxc4 41. Rd4 Nb2 42. Kf3 a5 43. Ke2 f5 44. Kd2 Kf6 45. Rd6+ Kg5 46. Kc3 Na4+ 47. Kc4 f4 48. a3 f3 49. h4+ Kxh4 50. Kb5 Nc3+ 51. Kxa5 g5 52. Rxh6+ Kg3 53. Kb4 Nd5+ 54. Kc5 f2 55. Rh1 Kg2 56. Rd1 f1=Q 57. Rxf1 Kxf1 58. a4 g4 59. a5 g3 0-1

[Event "WSTCC-65 2024"]
[Site "Krakow"]
[Date "2024.07.04"]
[Round "3.24"]
[White "Mueggenburg, Rolf"]
[Black "O`Sullivan, Tom"]
[Result "1/2-1/2"]
[ECO "D00"]
[WhiteElo "1777"]
[BlackElo "1715"]
[Annotator "NA RC"]
[PlyCount "30"]
[EventDate "2024.07.01"]
[EventType "team-tourn"]
[EventCountry "POL"]
[SourceTitle "playchess.com"]
[Source "ChessBase"]
[SourceQuality "1"]
[TimeControl "40/5400+30:1800+30"]

1. d4 d5 2. Bf4 Bf5 3. e3 Nd7 4. Bd3 Bxd3 5. Qxd3 e6 6. Nf3 Ngf6 7. Bg5 Be7 8. Nbd2 O-O 9. O-O c5 10. c3 Rc8 11. e4 dxe4 12. Nxe4 cxd4 13. Qxd4 Nxe4 14. Bxe7 Qxe7 15. Qxe4 Qd8 1/2-1/2